 Dungeon Crawl Stone Soup version 0.29.0-4-gdea44cf6ec (webtiles) character file.

Game seed: 2049712949961943546

1877 LynnLen the Covert (level 8, -2/42 HPs)
             Began as a Spriggan Enchanter on Aug 27, 2022.
             Was a Follower of Makhleb.
             Slain by a gnoll
             ... wielding a +0 spear
             ... led by a gnoll bouda
              (4 damage)
             ... on level 7 of the Dungeon.
             The game lasted 00:22:59 (7857 turns).

LynnLen the Covert (Spriggan Enchanter)             Turns: 7857, Time: 00:23:00

Health: -2/42      AC:  2    Str:  4    XL:     8   Next: 91%
Magic:  16/18      EV: 17    Int: 19    God:    Makhleb [*.....]
Gold:   355        SH:  0    Dex: 15    Spells: 7/19 levels left

rFire   x . .      SeeInvis +   v - +3 dagger
rCold   + . .      Faith    .   (no shield)
rNeg    . . .      Spirit   .   b - +0 robe
rPois   .          Reflect  .   (helmet restricted)
rElec   .          Harm     .   D - scarf {+Inv}
rCorr   .          Rampage  .   (gloves unavailable)
Will    +....                   (boots unavailable)
Stlth   ++++......              (no amulet)
HPRegen 0.14/turn               j - ring of ice
MPRegen 0.16/turn               (no ring)

@: mighty, marked, very quick
A: very small, no large weapons, unfitting armour, see invisible, speed 3
a: Renounce Religion, Evoke Invisibility


You were on level 7 of the Dungeon.
You worshipped Makhleb.
Makhleb was aware of your devotion.
You visited 1 branch of the dungeon, and saw 7 of its levels.

You collected 355 gold pieces.

Inventory:

Hand Weapons
 v - a +3 dagger (weapon)
Missiles
 k - 10 poisoned darts
Armour
 b - a +0 robe (worn)
 D - a scarf of invisibility (worn)
Jewellery
 j - a ring of ice (left hand)
 A - a +4 ring of evasion
Wands
 a - a wand of mindburst (9)
 d - a wand of iceblast (13)
 x - a wand of charming (6)
Scrolls
 e - 4 scrolls of fog {unknown}
 f - 2 scrolls of poison
 h - 3 scrolls of teleportation {unknown}
 i - a scroll of enchant armour {unknown}
 m - a scroll of enchant weapon {unknown}
 o - a scroll of immolation {unknown}
 u - a scroll of blinking {unknown}
 w - 2 scrolls of amnesia {unknown}
 y - 3 scrolls of magic mapping {unknown}
 B - a scroll of fear {unknown}
 C - 2 scrolls of vulnerability {unknown}
Potions
 c - a potion of invisibility
 g - 2 potions of flight
 l - 2 potions of berserk rage
 n - 2 potions of degeneration {unknown}
 p - 2 potions of brilliance
 q - 2 potions of curing
 s - 2 potions of attraction
 t - 2 potions of mutation {unknown}


   Skills:
 + Level 3.7 Fighting
 + Level 3.3 Short Blades
 - Level 2.6 Dodging
 + Level 8.6 Stealth
 + Level 6.2 Spellcasting
 + Level 2.4 Conjurations
 + Level 6.7 Hexes
 + Level 3.5 Ice Magic


You had 7 spell levels left.
You knew the following spells:

 Your Spells              Type           Power      Damage    Failure   Level
a - Ensorcelled Hibernat  Hex/Ice        76%        N/A       1%          2
b - Confusing Touch       Hex            31%        N/A       1%          3
c - Tukima's Dance        Hex            31%        N/A       1%          3
d - Dazzling Flash        Conj/Hex       46%        N/A       4%          3
e - Slow                  Hex            100%       N/A       1%          1

Your spell library contained the following spells:

 Spells                   Type           Power      Damage    Failure   Level
 Portal Projectile        Hex/Tloc       36%        N/A       9%          3
 Static Discharge         Conj/Air       10%        3-5/arc   10%         2
 Leda's Liquefaction      Hex/Erth       9%         N/A       26%         4
 Call Canine Familiar     Summ           5%         N/A       32%         3
 Vampiric Draining        Necr           5%         2d6       32%         3
 Sticky Flame             Conj/Fire      10%        2d3       54%         4
 Dispel Undead            Necr           5%         3d7       73%         4


Dungeon Overview and Level Annotations

Branches:
Dungeon (7/15)             Temple (0/1) D:4

Altars:
Makhleb
Ru
Sif Muna
Yredelemnul
Zin
The Shining One


Innate Abilities, Weirdness & Mutations

You are very small and have problems with some larger weapons.
You are too small for most types of armour.
You have supernaturally acute eyesight. (SInv)
You cover ground extremely quickly. (Speed+++)


Message History

A gnoll bouda comes into view. It is wielding a +0 whip.
The kobold closely misses you.
A gnoll comes into view. It is wielding a +0 club.
You feel very mighty all of a sudden.
A gnoll comes into view. It is wielding a +0 spear.
The kobold hits you with a +0 whip. The gnoll closely misses you.
You feel better.
The gnoll bouda barks out a call to the hunt!
The gnolls pick up the pace!
The kobold completely misses you. The gnoll closely misses you.
You feel much better. The kobold barely misses you. The gnoll misses you.
The gnoll hits you from afar with a +0 spear.
You puncture the kobold!
You kill the kobold!
Makhleb accepts your kill. The gnoll misses you.
The gnoll hits you from afar with a +0 spear.
You closely miss the kobold. The kobold closely misses you.
The gnoll completely misses you.
You puncture the kobold!
You kill the kobold!
Makhleb accepts your kill.
You can now gain health from killing.
The gnoll completely misses you. The gnoll misses you.
You closely miss the kobold.
The gnoll hits you from afar with a +0 spear!
The kobold hits you with a +0 dagger. The gnoll completely misses you.
The gnoll hits you from afar with a +0 spear!
You barely miss the gnoll.
The gnoll hits you from afar with a +0 spear.
* * * LOW HITPOINT WARNING * * *
The gnoll completely misses you.
You barely miss the gnoll. The kobold closely misses you. The gnoll misses you.
The gnoll hits you from afar with a +0 spear.
* * * LOW HITPOINT WARNING * * *
The gnoll hits you from afar with a +0 spear.
* * * LOW HITPOINT WARNING * * *
You hit the gnoll.
The gnoll is heavily wounded.
The gnoll hits you from afar with a +0 spear.
You die...

......###...).## ##.#
####.#####.
#.####.#.#####.###.##
#.# #. . #..##
##.#.## #.. .. #.##
##.## #### ## #.#
##.## #.# #...# ...
#.g.# ... #.g.# ....
##@## ..... ####K####
#..ggg..# #.......#
#.##.##.# # #.##.##.#
K.. ## #.##.##.#
K...#.# #.......#
#..K.##.......#


You could see a gnoll bouda, 4 gnolls and a kobold.

Vanquished Creatures
  Prince Ribbit (D:7)
  2 water moccasins
  An orc warrior (D:7)
  A sky beast (D:7)
  A black bear (D:5)
  A phantom (D:5)
  A kobold brigand (D:7)
  2 bullfrogs
  2 necrophages
  3 scorpions
  A crimson imp (D:6)
  2 hounds
  2 jellies
  3 orc priests
  A gnoll bouda (D:6)
  2 iguanas
  2 orc wizards
  7 gnolls
  2 adders
  A white imp (D:7)
  4 ufetubi
  A worm (D:2)
  4 dart slugs
  12 orcs
  10 endoplasms
  4 giant cockroaches
  7 goblins
  4 hobgoblins
  4 jackals
  10 kobolds
  6 quokkas
  8 ball pythons
  7 bats
  7 frilled lizards
  2 rats
128 creatures vanquished.

Vanquished Creatures (collateral kills)
  4 gnolls
  An orc (D:3)
5 creatures vanquished.

Vanquished Creatures (others)
  2 dancing weapons
  8 plants (D:3)
10 creatures vanquished.

Grand Total: 143 creatures vanquished

Notes
Turn   | Place    | Note
-------+----------+-------------------------------------------
     0 | D:1      | LynnLen the Spriggan Enchanter began the quest for the Orb.
     0 | D:1      | Reached XP level 1. HP: 9/9 MP: 5/5
   271 | D:1      | Reached XP level 2. HP: 14/14 MP: 6/6
   360 | D:1      | Learned a level 2 spell: Ensorcelled Hibernation
   951 | D:1      | Reached skill level 5 in Stealth
   951 | D:1      | Reached XP level 3. HP: 17/17 MP: 8/8
   955 | D:1      | Learned a level 3 spell: Confusing Touch
   959 | D:1      | Learned a level 3 spell: Tukima's Dance
  1039 | D:1      | Reached skill level 1 in Fighting
  1162 | D:2      | Found a faded altar of an unknown god.
  1926 | D:3      | Reached XP level 4. HP: 22/22 MP: 5/10
  1928 | D:3      | Reached skill level 1 in Ice Magic
  2264 | D:3      | Reached XP level 5. HP: 25/25 MP: 6/11
  3505 | D:4      | You fall into a shaft and drop 1 floor!
  3505 | D:5      | Entered Level 5 of the Dungeon
  3588 | D:5      | Reached skill level 6 in Stealth
  3826 | D:4      | Found a basalt altar of Yredelemnul.
  3832 | D:4      | Found a glowing golden altar of the Shining One.
  3834 | D:4      | Noticed an angel
  3887 | D:4      | Reached XP level 6. HP: 23/30 MP: 9/13
  3891 | D:4      | Learned a level 3 spell: Dazzling Flash
  4152 | D:4      | Found a staircase to the Ecumenical Temple.
  4400 | D:4      | Identified the +1 ring mail "Aturigoo" {Fly rPois Slay-2
                  | SInv}
  4415 | D:4      | Reached skill level 5 in Hexes
  5039 | D:5      | Reached XP level 7. HP: 29/35 MP: 11/15
  5204 | D:5      | Reached skill level 1 in Conjurations
  5241 | D:5      | Reached skill level 7 in Stealth
  5241 | D:5      | Reached skill level 5 in Spellcasting
  5973 | D:6      | Found a sacrificial altar of Ru.
  5973 | D:6      | Found a shimmering blue altar of Sif Muna.
  5974 | D:6      | Found a glowing silver altar of Zin.
  6237 | D:6      | Found a burning altar of Makhleb.
  6242 | D:6      | Reached XP level 8. HP: 40/40 MP: 17/17
  6244 | D:6      | Learned a level 1 spell: Slow
  6246 | D:6      | Became a worshipper of Makhleb the Destroyer
  7072 | D:7      | Reached skill level 8 in Stealth
  7309 | D:7      | Noticed Prince Ribbit
  7359 | D:7      | Killed Prince Ribbit
  7853 | D:7      | Reached * piety under Makhleb
  7856 | D:7      | HP: 2/42 [gnoll/+0 spear[a gnoll bouda] (6)]
  7857 | D:7      | Slain by a gnoll

Illustrated notes

Levels and vault maps discovered:
D:1:      tarquinn_simple_flora_water_b, layout_loops_ring
D:2:      layout_rooms, nicolae_ecumenical_pavilion, kennysheep_generic_room_11
D:3:      wander_river, layout_basic, minmay_lizard_king
D:4:      layout_cave_pods, grunt_temple_overflow_holy_war,
          minmay_temple_entry_slanted, minmay_fractal_squares_gapless_5
D:5:      layout_basic, lemuel_flamethrower_2
D:6:      layout_rooms, chequers_temple_overflow_statue_of_worship,
          makhleb_grotto_becter
D:7:      layout_loops_cross, uniq_prince_ribbit1

Skill      XL: |  1  2  3  4  5  6  7  8 |
---------------+-------------------------+-----
Spellcasting   | 3 4 5 6 |  6.2
Hexes          | 4 5 6 |  6.7
Stealth        | 5 6 7 8 |  8.6
Fighting       | 1 2 3 |  3.7
Ice Magic      | 1 2 3 |  3.5
Conjurations   | 1 2 |  2.4
Short Blades   | 3 |  3.3
Dodging        | |  2.6

Action                   |  1- 3 |  4- 6 |  7- 9 || total
-------------------------+-------+-------+-------++-------
Melee: Dagger            |   123 |   161 |   168 ||   452
       Punch             |     1 |     3 |     1 ||     5
 Cast: Ensorcelled Hiber |     6 |    24 |    24 ||    54
       Tukima's Dance    |       |     6 |    10 ||    16
       Confusing Touch   |       |     2 |     7 ||     9
  Use: Potion            |     1 |     3 |     3 ||     7
       Scroll            |       |     4 |     1 ||     5
 Stab: Sleeping          |    17 |    19 |    19 ||    55
       Confused          |       |     2 |     6 ||     8
       Distracted        |       |     2 |       ||     2
       Invisible         |       |     4 |     1 ||     5
Armor: Robe              |     9 |     9 |    11 ||    29
Dodge: Dodged            |    88 |   124 |   143 ||   355
